 Dungeon Crawl Stone Soup version 0.23.2-1-ga50397a (webtiles) character file.

Game seed: 6016969230794025744

74 dvd the Conjurer (level 4, -6/33 HPs)
             Began as a Draconian Conjurer on May 15, 2019.
             Mangled by a gnoll (9 damage)
             ... on level 2 of the Dungeon.
             The game lasted 00:04:07 (1552 turns).

dvd the Conjurer (Draconian Conjurer)               Turns: 1552, Time: 00:04:08

Health: -6/33      AC:  5    Str: 10    XL:     4   Next: 10%
Magic:  0/7        EV: 12    Int: 17    God:
Gold:   136        SH:  0    Dex: 11    Spells: 4/7 levels left

rFire    . . .     SeeInvis .   a - +0 dagger
rCold    . . .     Gourm    .   (no shield)
rNeg     . . .     Faith    .   (armour unavailable)
rPois    .         Spirit   .   (helmet restricted)
rElec    .         Reflect  .   (no cloak)
rCorr    .         Harm     .   (no gloves)
MR       .....                  (no boots)
Stlth    ++........             (no amulet)
HPRegen  0.11/turn              (no ring)
MPRegen  0.10/turn              (no ring)

@: no status effects
A: unfitting armour, cold-blooded, AC +5
a: no special abilities


You were on level 2 of the Dungeon.
You were not hungry.

You visited 1 branch of the dungeon, and saw 2 of its levels.

You collected 136 gold pieces.

Inventory:

Hand Weapons
 a - a +0 dagger (weapon)
Armour
 i - a +0 buckler
Scrolls
 c - 3 scrolls of identify {unknown}
 d - a scroll of enchant weapon {unknown}
 e - 2 scrolls of blinking {unknown}
 f - 2 scrolls of remove curse {unknown}
 g - a scroll of teleportation {unknown}
Comestibles
 b - 4 rations
 j - 4 chunks of flesh


   Skills:
 + Level 0.2 Short Blades
 + Level 2.1 Dodging
 + Level 2.1 Stealth
 + Level 2.4 Spellcasting
 + Level 5.0 Conjurations


You had 4 spell levels left.
You knew the following spells:

 Your Spells              Type           Power        Failure   Level  Hunger
a - Magic Dart            Conj           ###.         2%          1    #......
b - Searing Ray           Conj           ###...       3%          2    ##.....

Your spell library contained the following spells:

 Spells                   Type           Power        Failure   Level  Hunger
 Dazzling Spray           Conj/Hex       ##....       21%         3    ###....
 Iskenderun's Mystic Bla  Conj           ###.....     22%         4    #####..
 Force Lance              Conj/Tloc      ##......     54%         4    #####..
 Fulminant Prism          Conj/Hex       ##........   54%         4    #####..


Dungeon Overview and Level Annotations

Branches:
Dungeon (2/15)

Altars:


Innate Abilities, Weirdness & Mutations

Your plain brown scales are hard. (AC +5)
You cannot fit into any form of body armour.
You are cold-blooded and may be slowed by cold attacks.


Message History

The gnoll is severely wounded.
The gnoll hits you.
The gnoll hits you from afar with a +0 spear.
You hit the gnoll.
The gnoll is almost dead.
The gnoll hits you but does no damage. The gnoll hits you.
Casting: Magic Dart (safe; 2% risk of failure)
Confirm with . or Enter, or press ? or * to list all spells.
Aiming: Magic Dart (safe; 2% risk of failure)
Press: ? - help, Shift-Dir - straight line, f/p - gnoll
Aim: a gnoll, wielding a +0 spear The magic dart hits the gnoll but does no damage.
The gnoll is almost dead.
The gnoll hits you from afar with a +0 spear!
* * * LOW HITPOINT WARNING * * *
The gnoll hits you but does no damage.
You hit the gnoll but do no damage.
The gnoll is almost dead.
The gnoll hits you!
You die...

#.### ### #.# #.. ## #.# #.#
##.## #.# #.# ####.#.## ###.###
###<##### #.....#.# #.....#
.....)..# #g##...# #......
###.###.# #g###g## #.....#
#.###.## #@# #.######.#...#
#......######### #...g.g......#
#####..8.8.8.8.# ########.#.#.#
#..........# #.#'#.# #..........#
#.....# ###..........# ##g....# #
##.#..........# ##.......
####.............#...####........
([(......8.8.8.8.#.g....'........


You could see 2 gnolls.

Vanquished Creatures
  A gnoll (D:2)
  2 adders (D:2)
  3 dart slugs (D:2)
  2 bats (D:1)
  4 giant cockroaches (D:1)
  11 goblins
  2 hobgoblins
  2 jackals (D:2)
  6 kobolds
  A quokka (D:2)
  A frilled lizard (D:1)
  4 rats
39 creatures vanquished.

Notes
Turn   | Place    | Note
-------+----------+-------------------------------------------
     0 | D:1      | dvd the Draconian Conjurer began the quest for the Orb.
     0 | D:1      | Reached XP level 1. HP: 14/14 MP: 3/3
   225 | D:1      | Reached XP level 2. HP: 20/20 MP: 1/5
   272 | D:1      | Learned a level 2 spell: Searing Ray
   691 | D:2      | Reached XP level 3. HP: 25/26 MP: 1/6
  1534 | D:2      | Reached skill level 5 in Conjurations
  1534 | D:2      | Reached XP level 4. HP: 24/33 MP: 0/7
  1552 | D:2      | Mangled by a gnoll

Skill      XL: |  1  2  3 |
---------------+----------+-----
Stealth        | 2 |  2.1
Dodging        | 2 |  2.1
Conjurations   | 5 |  5.0
Short Blades   | |  0.2
Spellcasting   | |  2.4

Action                   |  1- 3 |  4- 6 || total
-------------------------+-------+-------++-------
Melee: Dagger            |    59 |    15 ||    74
       Tailslap          |     6 |     2 ||     8
 Cast: Magic Dart        |    67 |     2 ||    69
       Searing Ray       |     1 |       ||     1
  Use: Potion            |       |     1 ||     1
  Eat: Chunk             |     3 |       ||     3
Armor: Skin              |    14 |     4 ||    18
Dodge: Dodged            |    48 |    15 ||    63
